 Dungeon Crawl Stone Soup version 0.30-a0-743-gbfdf073431 (webtiles) character file.

Game seed: 4299650364233477529

325 DeathSun the Poker (level 6, -38/51 HPs)
             Began as a Draconian Monk on Feb 6, 2023.
             Was a Believer of Vehumet.
             Killed by an exploding centaur (45 damage)
             ... ignited by their inner flame
             ... on level 4 of the Dungeon.
             The game lasted 00:15:39 (3886 turns).

DeathSun the Poker (Draconian Monk)                 Turns: 3886, Time: 00:15:39

Health: -38/51     AC:  6    Str: 13    XL:     6   Next: 24%
Magic:  14/16      EV: 12    Int: 12    God:    Vehumet [**....]
Gold:   213        SH:  0    Dex: 14    Spells: 6/7 levels left

rFire   . . .      SeeInvis .    a - +0 spear
rCold   . . .      Faith    .    (no shield)
rNeg    . . .      Spirit   .    (body armour unavailable)
rPois   .          Reflect  .    (helmet restricted)
rElec   .          Harm     .    (no cloak)
rCorr   .          Rampage  .    (no gloves)
Will    .....                    (no boots)
Stlth   ++                       (no amulet)
HPRegen 0.28/turn                v - ring of wizardry
MPRegen 0.15/turn                z - ring of magical power

@: very slightly contaminated
A: AC +6, unfitting armour, cold-blooded
a: Renounce Religion


You were on level 4 of the Dungeon.
You worshipped Vehumet.
Vehumet was pleased with you.
You visited 2 branches of the dungeon, and saw 6 of its levels.

You collected 213 gold pieces.

Inventory:

Hand Weapons
 a - a +0 spear (weapon)
Missiles
 f - 3 boomerangs (quivered)
 u - 4 javelins
 y - a throwing net
Jewellery
 d - a ring of fire
 m - a +6 ring of intelligence
 v - a ring of wizardry (left hand)
 x - a +6 ring of intelligence
 z - a ring of magical power (right hand)
Wands
 w - a wand of paralysis (9)
Scrolls
 e - a scroll of immolation
 g - a scroll of enchant weapon {unknown}
 h - 2 scrolls of blinking {unknown}
 i - a scroll of poison {unknown}
 j - a scroll of teleportation {unknown}
 l - 2 scrolls of identify {unknown}
 n - a scroll of silence {unknown}
 o - a scroll of butterflies {unknown}
Potions
 b - a potion of berserk rage {unknown}
 c - a potion of attraction {unknown}
 k - a potion of magic {unknown}
 p - 2 potions of might {unknown}
 q - a potion of brilliance {unknown}
 r - a potion of curing
 s - a potion of haste {unknown}
 t - 2 potions of flight


   Skills:
 - Level 3.2 Fighting
 * Level 6.8 Polearms
 - Level 2.6 Dodging
 - Level 1.7 Stealth
 - Level 1.0 Spellcasting
 + Level 1.0 Conjurations


You had 6 spell levels left.
You knew the following spells:

 Your Spells              Type           Power      Damage    Failure   Level
a - Foxfire               Conj/Fire      4%         2x1d4     10%         1

Your spell library contained the following spells:

 Spells                   Type           Power      Damage    Failure   Level
 Kiss of Death            Conj/Necr      4%         2d5       10%         1
 Tukima's Dance           Hex            0%         N/A       32%         3
 Animate Dead             Necr           0%         N/A       71%         4
 Passage of Golubria      Tloc           0%         N/A       71%         4
 Borgnjor's Vile Clutch   Necr/Erth      0%         N/A       96%         5
 Yara's Violent Unravell  Hex/Tmut       0%         3d3       96%         5
 Death Channel            Necr           0%         N/A       100%        6
 Enfeeble                 Hex            0%         N/A       100%        7


Dungeon Overview and Level Annotations

Branches:
Dungeon (5/15)             Temple (1/1) D:4

Altars:
Ashenzari
Cheibriados
Dithmenos
Elyvilon
Fedhas
Gozag
Makhleb
Okawaru
Qazlal
Uskayaw
Vehumet
Wu Jian
Xom
Zin

Annotations:
D:3 1 runed translucent door, Crazy Yiuf


Innate Abilities, Weirdness & Mutations

Your plain brown scales are hard. (AC +6)
You cannot fit into any form of body armour.
You are cold-blooded and may be slowed by cold attacks.


Message History

You hit the centaur but do no damage. Your punch misses the centaur.
The centaur is almost dead.
The centaur barely misses you.
The centaur kicks you but does no damage.
The water moccasin barely misses you. The centaur completely misses you.
The centaur barely misses you.
You hit the centaur but do no damage.
The centaur is almost dead.
The water moccasin bites you!
You are poisoned.
The water moccasin poisons you! The centaur closely misses you.
The centaur barely misses you.
Casting: Foxfire (safe; 10% risk of failure)
Confirm with . or Enter, or press ? or * to list all spells.
You miscast Foxfire.
You are very lightly contaminated with residual magic.
Nothing appears to happen.
You feel sick. The centaur hits you.
* * * LOW HITPOINT WARNING * * *
The centaur barely misses you. The water moccasin bites you.
* * * LOW HITPOINT WARNING * * *
You barely miss the centaur.
The centaur is severely wounded.
You feel sick. The centaur hits you.
* * * LOW HITPOINT WARNING * * *
The centaur barely misses you. The water moccasin barely misses you.
You feel better.
The centaur hits you but does no damage.
The centaur kicks you but does no damage.
The water moccasin bites you!
* * * LOW HITPOINT WARNING * * *
The centaur hits you.
* * * LOW HITPOINT WARNING * * *
The centaur kicks you but does no damage.
The water moccasin misses you.
You hit the centaur. Vehumet accepts your kill.
The centaur explodes!
The fiery explosion engulfs you!!!
Ouch! That really hurt!
You die...

......##... ## # #
......##.### .. #
......##.# .# #.
......##.# .# ..
#.######.#### .# #.
....###.....# ##.## J.
######......#####...##...
#. # # #......#..§S§..>.#
#c #
#~##.........@§##..... #.
# #.#......###..§§..##..
# ~#......##...###..# #
####......### ...
######....###...... ##
........######.####
..................
..........)##.####
........##.....#


You could see a water moccasin (inner flame).

Vanquished Creatures
  A centaur (D:4)
  2 hounds (D:4)
  An orc priest (D:4)
  A jelly (D:5)
  An iguana (D:5)
  Ijyb (D:4)
  Robin (D:3)
  A gnoll (D:5)
  4 adders
  An ufetubus (D:5)
  2 worms
  A dart slug (D:1)
  8 orcs
  10 ball pythons
  6 bats
  An endoplasm (D:1)
  6 giant cockroaches
  11 goblins
  5 hobgoblins
  7 jackals
  5 kobolds
  2 quokkas (D:1)
  3 frilled lizards
  2 rats (D:1)
83 creatures vanquished.

Vanquished Creatures (others)
  30 foxfires (D:4)
  15 fungi
45 creatures vanquished.

Grand Total: 128 creatures vanquished

Notes
Turn   | Place    | Note
-------+----------+-------------------------------------------
     0 | D:1      | DeathSun the Draconian Monk began the quest for the Orb.
     0 | D:1      | Reached XP level 1. HP: 19/19 MP: 1/1
    83 | D:1      | Reached XP level 2. HP: 24/26 MP: 2/2
   268 | D:1      | Reached skill level 4 in Polearms
   577 | D:2      | Reached XP level 3. HP: 31/31 MP: 3/3
  1247 | D:3      | Noticed Robin
  1295 | D:3      | Killed Robin
  1296 | D:3      | Reached skill level 5 in Polearms
  1296 | D:3      | Reached XP level 4. HP: 17/38 MP: 4/4
  1686 | D:3      | Found a faded altar of an unknown god.
  2472 | D:3      | Found a runed translucent door.
  2473 | D:3      | Noticed Crazy Yiuf
  2589 | D:4      | Noticed a water moccasin
  2762 | D:4      | Noticed a centaur
  2820 | D:5      | Entered Level 5 of the Dungeon
  2905 | D:5      | Reached XP level 5. HP: 35/45 MP: 5/5
  3015 | D:5      | Reached skill level 6 in Polearms
  3237 | D:5      | Noticed an ice beast
  3361 | D:4      | Found a staircase to the Ecumenical Temple.
  3371 | Temple   | Entered the Ecumenical Temple
  3585 | Temple   | Became a worshipper of Vehumet
  3585 | Temple   | Reached * piety under Vehumet
  3585 | Temple   | Offered knowledge of Foxfire by Vehumet.
  3585 | Temple   | Reached ** piety under Vehumet
  3588 | Temple   | Learned a level 1 spell: Foxfire
  3658 | D:4      | Offered knowledge of Kiss of Death by Vehumet.
  3717 | D:4      | Reached XP level 6. HP: 41/51 MP: 6/6
  3717 | D:4      | Noticed Ijyb
  3721 | D:4      | Paralysed by Ijyb for 3 turns
  3740 | D:4      | Paralysed by Ijyb for 2 turns
  3752 | D:4      | Killed Ijyb
  3829 | D:4      | Reached skill level 1 in Spellcasting
  3829 | D:4      | Reached skill level 1 in Conjurations
  3886 | D:4      | Killed by an exploding centaur... ignited by their inner
                  | flame

Illustrated notes

Levels and vault maps discovered:
D:1:      eino_arrival_cavern_d, layout_rooms, minmay_ruptured
D:2:      layout_loops_ring
D:3:      layout_loops_ring, chequers_ecumenical_altar_lobes,
          uniq_crazy_yiuf_cottage, uniq_robin
D:4:      layout_rooms, minmay_temple_entry_proselytizer, serial_aquarium,
          aquarium_bridge_square [aquarium_subvault_wall,
          aquarium_subvault_window, aquarium_subvault_bridge,
          aquarium_subvault_bridge], aquarium_window_corridor_1,
          aquarium_window_corner, aquarium_window_fake, aquarium_window_2,
          aquarium_view_2c, aquarium_view_2a, aquarium_balcony_double_1,
          uniq_ijyb
D:5:      layout_basic, minmay_mini_ossuary
Temple:   nicolae_temple_superstar

Skill      XL: |  1  2  3  4  5  6 |
---------------+-------------------+-----
Polearms       | 4 5 6 |  6.8
Spellcasting   | 1 |  1.0
Conjurations   | 1 |  1.0
Fighting       | |  3.2
Dodging        | |  2.6
Stealth        | |  1.7

Action                     |  1- 3 |  4- 6 || total
---------------------------+-------+-------++-------
  Melee: Spear             |   154 |   213 ||   367
         Tailslap          |    13 |    27 ||    40
         Punch             |     1 |     2 ||     3
  Throw: Boomerang         |    29 |    29 ||    58
   Cast: Foxfire           |       |    15 ||    15
    Use: Potion            |       |     4 ||     4
         Scroll            |       |     1 ||     1
   Stab: Sleeping          |     4 |     5 ||     9
         Distracted        |       |     1 ||     1
 Armour: Skin              |    41 |    58 ||    99
  Dodge: Dodged            |    83 |   106 ||   189

Table legend: (Time is in decaauts)
 A = Elapsed time spent in this place.
 B = Non-inter-level travel time spent in this place.
 C = Inter-level travel time spent in this place.
 D = Time resting spent in this place.
 E = Time spent auto-exploring this place.
 F = Levels seen in this place.
 G = Mean time per level.
                   A        B        C        D        E       F      G
               +--------+--------+--------+--------+--------+-----+--------+
         Total |   3847 |   3638 |    209 |      0 |   2541 |   6 |  641.2 |
       Dungeon |   3600 |   3408 |    192 |      0 |   2426 |   5 |  720.0 |
        Temple |    246 |    229 |     17 |      0 |    115 |   1 |  246.0 |
               +--------+--------+--------+--------+--------+-----+--------+

Top non-repeatable levels by time:
     D:3: 1552 daAuts
     D:2: 710 daAuts
     D:1: 510 daAuts
     D:5: 474 daAuts
     D:4: 352 daAuts
  Temple: 246 daAuts
